 Dungeon Crawl Stone Soup version 0.28-a0-779-g3d1f99b579 (webtiles) character file.

Game seed: 7437526290676316407

14580 jasper the Cleaver (level 11, -5/87 HPs)
             Began as a Demonspawn Cinder Acolyte on Nov 2, 2021.
             Was a Follower of Ignis.
             Slain by a two-headed ogre (17 damage)
             ... on level 12 of the Dungeon.
             The game lasted 00:22:40 (18742 turns).

jasper the Cleaver (Demonspawn Cinder Acolyte)     Turns: 18742, Time: 00:22:40

Health: -5/87      AC: 10    Str: 15    XL:     11   Next: 90%
Magic:  3/14       EV:  9    Int: 22    God:    Ignis [*.....]
Gold:   898        SH: 10    Dex: 13    Spells: 2/14 levels left

rFire   + . .      SeeInvis .   E - +2 war axe (flame)
rCold   . . .      Faith    .   j - +1 buckler
rNeg    . . .      Spirit   .   F - +0 scale mail
rPois   .          Reflect  .   u - +0 helmet
rElec   .          Harm     .   g - +0 cloak of the Hidden Vale {Int+4 Dex+4}
rCorr   .          Rampage  .   G - +0 pair of gloves
Will    .....                   (no boots)
Stlth   ..........              (no amulet)
HPRegen 0.24/turn               (no ring)
MPRegen 0.14/turn               (no ring)

@: mighty, corroded, very slightly contaminated, hasted, very quick
A: hooves 2, icy blue scales 1, demonic guardian 3, condensation shield
a: Renounce Religion, Sea of Fire, Foxfire Swarm


You were on level 12 of the Dungeon.
You worshipped Ignis.
Ignis was aware of your devotion.
You visited 2 branches of the dungeon, and saw 13 of its levels.
You also visited: Sewer.

You collected 898 gold pieces.

Inventory:

Hand Weapons
 v - a +0 war axe of protection
 E - a +2 war axe of flaming (weapon)
Missiles
 b - 3 curare-tipped darts
 f - 5 throwing nets
 i - 344 stones
 n - 67 poisoned darts
 o - 2 boomerangs
 y - 3 silver javelins
Armour
 e - a +0 ring mail
 g - the +0 cloak of the Hidden Vale (worn) {Int+4 Dex+4}
   (You acquired it on level 1 of the Dungeon)

   Int:       It affects your intelligence (+4).
   Dex:       It affects your dexterity (+4).
 j - a +1 buckler (worn)
 u - a +0 helmet (worn)
 F - a +0 scale mail (worn)
 G - a +0 pair of gloves (worn)
Wands
 t - a wand of flame (16)
 z - a wand of paralysis (5)
 D - a wand of polymorph (7)
Scrolls
 q - 2 scrolls of teleportation
 A - a scroll of summoning
 B - a scroll of magic mapping
Potions
 a - 2 potions of lignification
 d - a potion of cancellation
 h - 3 potions of brilliance
 k - a potion of invisibility
 l - 2 potions of haste
 m - 7 potions of curing
 p - 4 potions of flight
 r - a potion of mutation
 s - 2 potions of attraction
 w - a potion of resistance {unknown}
 C - a potion of ambrosia {unknown}


   Skills:
 + Level 8.9 Fighting
 * Level 11.6 Axes
 + Level 7.6 Armour
 - Level 4.0 Shields
 - Level 2.1 Spellcasting
 - Level 3.7 Conjurations
 + Level 3.8 Hexes
 - Level 5.8 Fire Magic


You had 2 spell levels left.
You knew the following spells:

 Your Spells              Type           Power      Damage    Failure   Level
a - Scorch                Fire           56%        2d8       6%          2
b - Sticky Flame          Conj/Fire      23%        2d4       52%         4
c - Conjure Flame         Conj/Fire      23%        6-21      19%         3
d - Tukima's Dance        Hex            19%        N/A       26%         3

Your spell library contained the following spells:

 Spells                   Type           Power      Damage    Failure   Level
 Ensorcelled Hibernation  Hex/Ice        20%        N/A       30%         2
 Static Discharge         Conj/Air       10%        N/A       30%         2
 Summon Small Mammal      Summ           8%         N/A       41%         1
 Ignite Poison            Fire/Tmut/Pois 10%        N/A       52%         3
 Summon Guardian Golem    Hex/Summ       10%        N/A       52%         3
 Call Canine Familiar     Summ           2%         N/A       78%         3
 Frozen Ramparts          Ice            4%         1d2       78%         3
 Ice Form                 Ice/Tmut       2%         N/A       99%         4
 Summon Ice Beast         Ice/Summ       2%         N/A       99%         4
 Lightning Bolt           Conj/Air       5%         1d17      99%         5
 Maxwell's Capacitive Co  Air            1%         ∞         100%        8


Dungeon Overview and Level Annotations

Branches:
Dungeon (12/15)            Temple (1/1) D:4            Lair (0/6) D:9
  Sewer (visited)
    Orc: D:9-12

Altars:
Cheibriados
Dithmenos
Hepliaklqana
Kikubaaqudgha
Nemelex Xobeh
Ru
Sif Muna
Vehumet
The Shining One

Shops:
D:7 (   D:10 (

Annotations:
D:5 exclusion: door


Innate Abilities, Weirdness & Mutations

You have hoof-like feet.
You are partially covered in icy blue scales. (AC +2)
A powerful demonic guardian rushes to your aid.
A meltable shield of frost defends you. (SH +4)


Message History

The acid dragon claws you but does no damage.
You closely miss the acid dragon. Your kick misses the acid dragon.
You miss something. Something hits you but does no damage.
You block the acid dragon's attack.
The acid dragon claws you but does no damage.
You hit the acid dragon. You burn the acid dragon. You kick the acid dragon!
The acid dragon is moderately wounded.
You barely miss the two-headed ogre. Something hits you but does no damage.
You closely miss the acid dragon. Your kick misses the acid dragon.
The acid dragon is moderately wounded.
You hit the two-headed ogre. You burn the two-headed ogre.
You barely miss something. Something hits you but does no damage.
The acid dragon bites you. You block the acid dragon's attack.
The two-headed ogre hits you with a +0 giant club.
The two-headed ogre hits you with a +0 giant club!
You take 20 damage, and have 54/87 hp.
MASSIVE DAMAGE!!
You slash the acid dragon! You burn the acid dragon.
The acid dragon is almost dead.
You hit the two-headed ogre. You burn the two-headed ogre.
Something hits you but does no damage. The acid dragon spits acid at you.
The splash of acid hits you!! The acid corrodes you!
You take 25 damage, and have 29/87 hp.
MASSIVE DAMAGE!!
You slice the acid dragon!! You burn the acid dragon.
You kill the acid dragon!
The acid dragon scales are intact enough to wear.
You hit the two-headed ogre. You burn the two-headed ogre. You hit something.
You burn something. Something hits you but does no damage.
The two-headed ogre closely misses you.
The two-headed ogre completely misses you.
You hit the two-headed ogre. You burn the two-headed ogre.
The two-headed ogre is heavily wounded.
You slash the two-headed ogre! You burn the two-headed ogre.
Your kick misses the two-headed ogre.
The two-headed ogre is severely wounded.
You barely miss something. Something hits you.
A demonic guardian appears!
The two-headed ogre hits you with a +0 giant club!
* * * LOW HITPOINT WARNING * * *
The two-headed ogre hits you with a +0 giant club!
You die...

............##
..............##
................##
.................../...#
.................(......
........................
..............3.........
................O.......
................@.......
.................[......
........................
###.....................
# ##....................
#....................
##...............!....
###.....................
.....................


You could see a two-headed ogre and a friendly soul eater (summoned).

Vanquished Creatures
  2 two-headed ogres
  Sonja (D:11)
  A cyclops (D:11)
  A manticore (D:8)
  An ugly thing (D:11)
  2 hornets (D:10)
  A shadow (D:11)
  A vampire (D:10)
  17 yaks
  A wraith (D:10)
  A wyvern (D:9)
  A steam dragon (D:7)
  2 wargs (D:9)
  2 acid dragons
  2 ice beasts
  6 orc warriors
  A sky beast (D:6)
  2 black bears
  5 ogres
  2 centaurs
  2 phantoms
  A bullfrog (D:8)
  4 scorpions
  2 gnoll sergeants
  A water moccasin skeleton (D:4)
  7 killer bees
  2 howler monkeys (D:8)
  5 centaur zombies
  A bullfrog zombie (D:5)
  A bullfrog skeleton (D:6)
  2 jellies
  2 orc priests
  Crazy Yiuf (D:7)
  A gnoll shaman (D:5)
  A hound (D:6)
  An iguana (D:6)
  6 orc wizards
  A merfolk siren (Sewer)
  A merfolk avatar (Sewer)
  4 howler monkey zombies
  16 gnolls
  2 river rats (Sewer)
  7 adders
  5 white imps
  An ufetubus (D:6)
  2 dart slugs
  23 orcs
  6 bats
  10 endoplasms
  4 giant cockroaches
  5 goblins
  9 hobgoblins
  10 kobolds
  6 quokkas
  7 ball pythons
  10 frilled lizards
  21 rats
242 creatures vanquished.

Vanquished Creatures (collateral kills)
  Harold (D:11)
  A boulder beetle (D:10)
  2 two-headed ogres
  A gargoyle (D:11)
  2 yaks
  A kobold brigand (D:8)
  3 wights (D:5)
  An ufetubus (D:6)
  2 goblins (D:1)
  A kobold (D:8)
  3 rats (Sewer)
18 creatures vanquished.

Vanquished Creatures (others)
  147 foxfires
  3 fungi (D:7)
  A plant (D:10)
151 creatures vanquished.

Grand Total: 411 creatures vanquished

Notes
Turn   | Place    | Note
-------+----------+-------------------------------------------
     0 | D:1      | jasper the Demonspawn Cinder Acolyte began the quest for
                  | the Orb.
     0 | D:1      | Reached XP level 1. HP: 18/18 MP: 2/2
   109 | D:1      | Reached skill level 3 in Axes
   281 | D:1      | Gained mutation: You are partially covered in icy blue
                  | scales. (AC +2) [demonic ancestry]
   281 | D:1      | Reached XP level 2. HP: 15/24 MP: 3/3
  1045 | D:1      | Identified a scroll of acquirement
  1045 | D:1      | Acquired the +0 cloak of the Hidden Vale {Int+4 Dex+4}
  1208 | D:2      | Gained mutation: You have large cloven feet. [demonic
                  | ancestry]
  1208 | D:2      | Reached XP level 3. HP: 15/29 MP: 4/4
  1628 | D:2      | Reached skill level 4 in Axes
  2107 | D:2      | Found a faded altar of an unknown god.
  2390 | D:3      | Noticed an ogre
  2467 | D:3      | Killed an ogre
  2468 | D:3      | Gained mutation: A weak demonic guardian rushes to your
                  | aid. [demonic ancestry]
  2468 | D:3      | Reached XP level 4. HP: 35/35 MP: 5/5
  2500 | D:3      | Gained mutation: A demonic guardian rushes to your aid.
                  | [demonic ancestry]
  2500 | D:3      | Reached XP level 5. HP: 35/41 MP: 6/6
  3156 | D:4      | Noticed an ogre
  3233 | D:4      | Found a sacrificial altar of Ru.
  3370 | D:4      | Found a glowing drain.
  3405 | Sewer    | Entered a sewer
  3676 | Sewer    | Learned a level 2 spell: Scorch
  3850 | Sewer    | Reached XP level 6. HP: 47/47 MP: 7/7
  3859 | Sewer    | Learned a level 4 spell: Sticky Flame
  4253 | D:4      | Reached skill level 1 in Armour
  4355 | D:4      | Found a staircase to the Ecumenical Temple.
  4586 | D:4      | Noticed an orc warrior
  4605 | D:4      | Killed an orc warrior
  4632 | Temple   | Entered the Ecumenical Temple
  4878 | D:4      | Reached skill level 5 in Axes
  4878 | D:4      | Reached XP level 7. HP: 40/53 MP: 1/8
  5590 | D:5      | Entered Level 5 of the Dungeon
  5878 | D:5      | Found a shadowy altar of Dithmenos.
  6156 | D:5      | Gained mutation: A powerful demonic guardian rushes to your
                  | aid. [demonic ancestry]
  6156 | D:5      | Reached XP level 8. HP: 41/60 MP: 2/9
  6159 | D:5      | Reached skill level 6 in Axes
  7018 | D:5      | Found a shimmering blue altar of Sif Muna.
  7407 | D:6      | Reached skill level 5 in Fighting
  7739 | D:6      | Reached skill level 7 in Axes
  8212 | D:6      | Gained mutation: You have hoof-like feet. [demonic
                  | ancestry]
  8212 | D:6      | Reached XP level 9. HP: 44/68 MP: 5/10
  8335 | D:6      | Found a sparkling altar of Nemelex Xobeh.
  8441 | D:6      | Reached skill level 5 in Fire Magic
  8766 | D:6      | Learned a level 3 spell: Conjure Flame
 10425 | D:7      | Found a runed translucent door.
 10426 | D:7      | Noticed Crazy Yiuf
 10622 | D:7      | Found Yddiu's Weapon Shoppe.
 10730 | D:7      | Killed Crazy Yiuf
 10731 | D:7      | Reached skill level 8 in Axes
 11144 | D:8      | Noticed a two-headed ogre
 11156 | D:8      | Killed a two-headed ogre
 11157 | D:8      | Reached skill level 5 in Armour
 11814 | D:8      | Reached skill level 1 in Conjurations
 12018 | D:8      | Noticed a two-headed ogre
 12024 | D:8      | Killed a two-headed ogre
 12025 | D:8      | Reached skill level 9 in Axes
 12025 | D:8      | Reached XP level 10. HP: 77/77 MP: 6/11
 12377 | D:8      | Noticed a manticore
 12392 | D:8      | Killed a manticore
 13287 | D:9      | Found a staircase to the Lair.
 13863 | D:9      | Noticed a two-headed ogre
 13876 | D:9      | Killed a two-headed ogre
 13877 | D:9      | Reached skill level 10 in Axes
 14416 | D:10     | Entered Level 10 of the Dungeon
 14674 | D:10     | Gained mutation: A meltable shield of frost defends you.
                  | (SH +4) [demonic ancestry]
 14674 | D:10     | Reached XP level 11. HP: 59/86 MP: 6/13
 14816 | D:10     | Learned a level 3 spell: Tukima's Dance
 14846 | D:10     | Noticed a boulder beetle
 14873 | D:10     | Killed a boulder beetle
 15074 | D:10     | Found Xyjuzaba's Hydra Hut.
 15081 | D:10     | Noticed a four-headed hydra
 15311 | D:10     | Found a hazy altar of Hepliaklqana.
 15315 | D:10     | Found an ancient bone altar of Kikubaaqudgha.
 15322 | D:10     | Noticed a two-headed ogre
 15329 | D:10     | Killed a two-headed ogre
 15330 | D:10     | Reached skill level 1 in Hexes
 15755 | D:10     | Found a radiant altar of Vehumet.
 15888 | D:10     | Found a snail-covered altar of Cheibriados.
 16164 | D:11     | Noticed a boulder beetle
 16526 | D:11     | Noticed Sonja
 16530 | D:11     | Killed Sonja
 16531 | D:11     | Reached skill level 11 in Axes
 16539 | D:11     | Noticed a brown ugly thing
 16875 | D:11     | Killed a brown ugly thing
 17737 | D:11     | Noticed Harold
 17749 | D:11     | Killed Harold
 18728 | D:12     | Noticed a two-headed ogre
 18742 | D:12     | Slain by a two-headed ogre

Illustrated notes

Levels and vault maps discovered:
D:1:      psy_arrival_basics, layout_loops_ring
D:2:      layout_loops_corners, ebering_ecumenical_altar_sacrificial
D:3:      layout_basic, st_stairs_9, guppyfry_early_orc_mine
D:4:      layout_cave_pods, gammafunk_temple_overflow_elements,
          minmay_temple_entry_large_hall, portal_sewer_entry_d,
          kennysheep_potato
D:5:      layout_basic, nicolae_dithmenos_shadow_blocks, led_sif_book,
          hangedman_glass_teeth
D:6:      layout_cave_pods, nemelex_spade_bored_becter, minmay_diced_spiral
D:7:      layout_loops_corners, serial_shops, shop, uniq_crazy_yiuf_cottage
D:8:      layout_cave_pods
D:9:      layout_roguey, erik_lair_orcish_takeover,
          hangedman_abyss_or_decor_passed
D:10:     layout_stronghold, nicolae_vehumet_altar_sigil,
          nicolae_overflow_hidden_temple, minmay_misc_feat_enclosed,
          doesnt_shop_hydraphobe
D:11:     layout_layer_cave, eino_small_chamber_without_monster, uniq_harold,
          uniq_sonja
D:12:     layout_big_octagon, erik_orc_1
Temple:   minmay_temple_bridge_abc

Skill      XL: |  1  2  3  4  5  6  7  8  9 10 11 |
---------------+----------------------------------+-----
Axes           | 3 4 5 7 9 10 11 | 11.6
Shields        | 2 4 |  4.0
Armour         | 1 2 3 5 6 7 |  7.6
Fire Magic     | 3 4 5 |  5.8
Fighting       | 4 5 6 7 8 |  8.9
Conjurations   | 1 3 |  3.7
Spellcasting   | 2 |  2.1
Hexes          | 3 |  3.8

Action                   |  1- 3 |  4- 6 |  7- 9 | 10-12 || total
-------------------------+-------+-------+-------+-------++-------
Melee: Hand axe          |   102 |   165 |   126 |       ||   393
       Kick              |     8 |    35 |    45 |    78 ||   166
       War axe           |       |       |    30 |   230 ||   260
Throw: Stone             |    11 |     1 |       |       ||    12
       Boomerang         |       |    15 |       |       ||    15
 Cast: Scorch            |       |    20 |   111 |    85 ||   216
       Tukima's Dance    |       |       |       |     4 ||     4
Invok: Foxfire Swarm     |     2 |     3 |     2 |     3 ||    10
Evoke: Wand              |       |       |     7 |    12 ||    19
  Use: Scroll            |    10 |     5 |     5 |     7 ||    27
       Potion            |       |       |       |     6 ||     6
 Stab: Invisible         |       |       |       |     4 ||     4
Armor: Ring mail         |    59 |    67 |    71 |    21 ||   218
       Robe              |     1 |       |       |       ||     1
       Scale mail        |       |       |       |    94 ||    94
Dodge: Dodged            |    51 |    94 |    84 |    95 ||   324
Block: Buckler           |       |       |    29 |   108 ||   137

Table legend: (Time is in decaauts)
 A = Elapsed time spent in this place.
 B = Non-inter-level travel time spent in this place.
 C = Inter-level travel time spent in this place.
 D = Time resting spent in this place.
 E = Time spent auto-exploring this place.
 F = Levels seen in this place.
 G = Mean time per level.
                   A        B        C        D        E       F      G
               +--------+--------+--------+--------+--------+-----+--------+
         Total |  18882 |  18264 |    618 |   4598 |  11172 |  14 | 1348.7 |
       Dungeon |  17818 |  17200 |    618 |   4132 |  10840 |  12 | 1484.8 |
        Temple |    237 |    237 |      0 |    236 |      0 |   1 |  237.0 |
         Sewer |    825 |    825 |      0 |    230 |    331 |   1 |  825.0 |
               +--------+--------+--------+--------+--------+-----+--------+

Top non-repeatable levels by time:
    D:11: 2427 daAuts
     D:8: 2055 daAuts
     D:7: 1818 daAuts
     D:5: 1788 daAuts
     D:6: 1722 daAuts
    D:10: 1612 daAuts
     D:9: 1563 daAuts
     D:4: 1459 daAuts
     D:2: 1360 daAuts
     D:1: 1078 daAuts
   Sewer: 825 daAuts
     D:3: 793 daAuts
  Temple: 237 daAuts
    D:12: 139 daAuts
